[Event "Team 45 45 League T46"]
[Site "Internet Chess Club"]
[Date "2010.08.29"]
[Round "4"]
[White "j316chuck"]
[Black "BrerRabbit"]
[Result "0-1"]
[WhiteElo "1537"]
[BlackElo "1578"]
[Opening "King's pawn opening"]
[ECO "B07"]
[Time "19:08:25"]
[TimeControl "2700+45"]

1. e4 d6 2. Nf3 Nf6 3. Nc3 g6 4. Bc4 Bg7 5. d3 O-O 6. O-O c5 7. h3 Nc6 8. Bf4
Na5 9. Bb3 Bd7 10. Qd2 Nxb3 11. axb3 Bc6 12. Bh6 a6 13. Bxg7 Kxg7 14. Ne2 Qc7
15. Nf4 Rad8 16. Ng5 Qc8 17. Ne2 h6 18. Nf3 Qc7 19. Ng3 Ra8 20. Nh2 b6 21. Qf4
a5 22. Ng4 Nxg4 23. Qxg4 Kh7 24. h4 Qd7 25. Qe2 Qe6 26. f4 f5 27. h5 fxe4 28.
hxg6+ Qxg6 29. Nxe4 Bxe4 30. Qxe4 Qxe4 31. dxe4 Rg8 32. Kf2 Rg4 33. Kf3 Rag8 34.
Rg1 Rg3+ 35. Ke2 Rxg2+ 36. Rxg2 Rxg2+ 37. Kd3 Kg6 38. Rh1 h5 39. Rh4 Rg4 40. f5+
Kg5 41. Rh1 Rg2 42. Rb1 h4 43. c3 h3 44. b4 h2 {White resigns} 0-1

[Event "Team 45 45 League T46"]
[Site "Internet Chess Club"]
[Date "2010.08.26"]
[Round "4"]
[White "SCUGrad"]
[Black "kid6988"]
[Result "0-1"]
[WhiteElo "1417"]
[BlackElo "1439"]
[Opening "Giuoco Piano"]
[ECO "C54"]
[Time "22:00:07"]
[TimeControl "2700+45"]

1. e4 e5 2. Nf3 Nc6 3. Bc4 Bc5 4. c3 Nf6 5. d4 exd4 6. cxd4 Bb4+ 7. Bd2 Bxd2+ 8.
Nbxd2 d5 9. exd5 Nxd5 10. O-O O-O 11. Ne5 Nxd4 12. Ne4 Nb6 13. Qd3 Nxc4 14. Nxc4
Ne6 15. Rfd1 Qxd3 16. Rxd3 Nf4 17. Rd2 Be6 18. Na5 a6 19. Nxb7 Rab8 20. Nbc5 a5
21. Rad1 h6 22. b3 Rfe8 23. Kf1 Bf5 24. Ng3 Bg6 25. Rd7 c6 26. Rc7 Rb6 27. Ra7
Rb5 28. Na4 Bc2 29. Re1 Bd3+ 30. Ne2 Rxe2 31. Re7 Rxe1+ 32. Kxe1 Nxg2+ 33. Kd2
Rd5 34. Nc3 Rd6 35. Ra7 Ba6+ 36. Kc1 c5 37. Na4 Rc6 38. Kb2 Nf4 39. Nxc5 Rxc5
40. Rxa6 Nd3+ 41. Ka3 Nxf2 42. b4 axb4+ 43. Kxb4 Rh5 44. Rc6 Rxh2 45. a4 Nd3+
46. Kb5 Rb2+ 47. Ka5 h5 48. Rc3 h4 49. Rxd3 g5 50. Rd5 f6 51. Rb5 Re2 52. Kb6 h3
53. Rb1 h2 54. Rh1 g4 55. a5 g3 56. a6 g2 57. Rxh2 g1=Q+ {White resigns} 0-1

[Event "Team 45 45 League T46"]
[Site "Internet Chess Club"]
[Date "2010.08.28"]
[Round "4"]
[White "kingsleywang"]
[Black "AlPearson"]
[Result "0-1"]
[WhiteElo "1116"]
[BlackElo "1460"]
[Opening "Alekhine's defense: Scandinavian variation"]
[ECO "B02"]
[Time "12:18:03"]
[TimeControl "2700+45"]

1. e4 Nf6 2. Nc3 d5 3. e5 d4 4. Nf3 Bg4 5. Be2 dxc3 6. exf6 cxd2+ 7. Qxd2 Qxd2+
8. Bxd2 exf6 9. O-O Nc6 10. Rae1 O-O-O 11. h3 Bxf3 12. Bxf3 Rxd2 13. Bg4+ Kd8
14. Rd1 Rxd1 15. Rxd1+ Bd6 16. a3 Re8 17. b4 Ne5 18. Bf5 g6 19. Be4 b6 20. Bb7
Ke7 21. Re1 Kf8 22. f4 Nf3+ 23. Bxf3 Rxe1+ 24. Kf2 Ra1 25. g3 Rxa3 26. Bg4 Bxb4
27. f5 Ra2 28. fxg6 Rxc2+ 29. Kf3 fxg6 30. h4 f5 31. Bh3 Rc3+ 32. Kf4 Bd6+ 33.
Kg5 Kg7 34. h5 Rxg3+ 35. Kh4 g5# {White checkmated} 0-1

[Event "Team 45 45 League T46"]
[Site "Internet Chess Club"]
[Date "2010.08.27"]
[Round "4"]
[White "TheronUAL"]
[Black "Deadly-Spike"]
[Result "1-0"]
[WhiteElo "1499"]
[BlackElo "1629"]
[Opening "Sicilian: Alapin's variation (2.c3)"]
[ECO "B22"]
[Time "20:00:30"]
[TimeControl "2700+45"]

1. e4 c5 2. c3 d6 3. d4 cxd4 4. cxd4 Nf6 5. Nc3 Qa5 6. Bd2 Qb6 7. Bb5+ Bd7 8.
Bxd7+ Nbxd7 9. Nf3 g6 10. Qc1 Bg7 11. O-O O-O 12. Re1 Rac8 13. Qd1 e5 14. d5 Ng4
15. Qe2 Nc5 16. Be3 Nxe3 17. Qxe3 Qxb2 18. Rab1 Qa3 19. Re2 b6 20. Reb2 Nd7 21.
Nb5 Qxe3 22. fxe3 Rcd8 23. Nxa7 Bh6 24. Kf2 Nc5 25. Ke2 Nxe4 26. Rc1 Nf6 27. Nc6
Ra8 28. Nb4 Ra5 29. Rc6 Nxd5 30. Nxd5 Rxd5 31. Rcxb6 Bg7 32. R2b3 Ra8 33. Rb8+
Rxb8 34. Rxb8+ Bf8 35. Ra8 f5 36. Ng5 h5 37. Ne6 Kh7 38. Nxf8+ Kh6 39. Ne6 Kh7
40. Ra7+ Kh6 41. h4 Rb5 42. Ng5 {Black resigns} 1-0

[Event "Team 45 45 League T46"]
[Site "Internet Chess Club"]
[Date "2010.08.27"]
[Round "4"]
[White "wekabird"]
[Black "dagambiter"]
[Result "0-1"]
[WhiteElo "1209"]
[BlackElo "1522"]
[Opening "English: Anglo-Dutch defense"]
[ECO "A10"]
[Time "19:00:29"]
[TimeControl "2700+45"]

1. c4 f5 2. Nc3 Nf6 3. Nf3 d6 4. d3 e5 5. e4 f4 6. Be2 g6 7. Qc2 Bg7 8. Bd2 Nc6
9. a3 O-O 10. O-O-O Be6 11. h3 h6 12. Bf1 g5 13. g4 a6 14. Ne2 Qd7 15. d4 Bf7
16. d5 Ne7 17. Rg1 c6 18. dxc6 bxc6 19. h4 Nh7 20. hxg5 Nxg5 21. Nxg5 hxg5 22.
f3 a5 23. Nc3 Bg6 24. Na4 Qa7 25. c5 d5 26. Bd3 d4 27. Bc4+ Bf7 28. Bxf7+ Kxf7
29. Qc4+ Kf6 30. Nb6 Rh8 31. Nxa8 Qxa8 32. Rh1 Ng6 33. Rxh8 Qxh8 34. Qa6 Ne7 35.
Bxa5 Qh3 36. Qe2 Qh8 37. Bc7 Ng6 38. Qa6 Qe8 39. Qb7 Nh4 40. Rf1 Qe6 41. Bd8+
Kg6 42. Qe7 Qc4+ 43. Kb1 Qxf1+ 44. Ka2 Qc4+ 45. Kb1 Nxf3 46. Qd6+ Kh7 47. Qxc6
Nd2+ 48. Ka1 Qc1+ 49. Ka2 Qb1# {White checkmated} 0-1

[Event "Team 45 45 League T46"]
[Site "Internet Chess Club"]
[Date "2010.08.28"]
[Round "4"]
[White "ilknight"]
[Black "guyd52"]
[Result "0-1"]
[WhiteElo "1283"]
[BlackElo "1207"]
[Opening "King's Indian defense, 3.Nc3"]
[ECO "E61"]
[Time "18:00:15"]
[TimeControl "2700+45"]

1. d4 Nf6 2. c4 g6 3. Nc3 Bg7 4. Nf3 d6 5. e3 O-O 6. Bd3 Nbd7 7. O-O e5 8. Re1
Re8 9. Qc2 b6 10. Bd2 Bb7 11. d5 Nc5 12. e4 c6 13. b4 Nxd3 14. Qxd3 Qd7 15. b5
cxd5 16. cxd5 a6 17. a4 Rec8 18. h3 Qd8 19. Rec1 Nd7 20. Ne2 Nc5 21. Qb1 axb5
22. axb5 Rxa1 23. Qxa1 Nxe4 24. Rxc8 Qxc8 25. Be3 Bxd5 26. Bxb6 Qb8 27. Qa6 Bf8
28. Ba7 Qb7 29. Qxb7 Bxb7 30. Bb8 f6 31. g4 d5 32. g5 Be7 33. gxf6 Bxf6 34. Bxe5
Bxe5 35. Nxe5 Nd6 36. Nd4 Kg7 37. Kf1 Kf6 38. f4 g5 39. Ng4+ Kg6 40. fxg5 Kxg5
41. Ke2 h5 42. Ne3 Kh4 43. Nc6 Nxb5 44. Ne7 Nc7 45. Ng6+ Kxh3 46. Nf4+ Kh4 47.
Kd3 Kg5 48. Nh3+ Kf6 49. Kd4 Ne6+ 50. Kd3 Ke5 51. Ng1 Nf4+ 52. Kc3 d4+ 53. Kd2
Ke4 54. Nc2 d3 55. Ne1 Bc8 56. Ngf3 Bg4 57. Ng5+ Kd4 58. Ngf3+ Bxf3 59. Nxf3+
Ke4 60. Ng5+ Kf5 61. Nf3 Kg4 62. Ne5+ Kg3 63. Ke3 h4 64. Nf3 h3 {White resigns}
0-1

[Event "Team 45 45 League T46"]
[Site "Internet Chess Club"]
[Date "2010.08.28"]
[Round "4"]
[White "hcarstens"]
[Black "MeansToAnEnd"]
[Result "1-0"]
[WhiteElo "1290"]
[BlackElo "1223"]
[Opening "Petrov: Damiano variation"]
[ECO "C42"]
[Time "18:15:20"]
[TimeControl "2700+45"]

1. e4 e5 2. Nf3 Nf6 3. Nxe5 Nxe4 4. Qe2 Nf6 5. Nc6+ Be7 6. Nxd8 Kxd8 7. d4 Re8
8. Be3 Nd5 9. Nc3 Nxe3 10. fxe3 Bg5 11. Nd1 Nc6 12. c3 d6 13. Qf2 f6 14. Bb5 Bg4
15. Be2 Bxe2 16. Kxe2 Kd7 17. Qf5+ Re6 18. d5 g6 19. Qxe6+ {Black resigns} 1-0

[Event "Team 45 45 League T46"]
[Site "Internet Chess Club"]
[Date "2010.08.28"]
[Round "4"]
[White "seattleblues"]
[Black "SeniorCitizen"]
[Result "0-1"]
[WhiteElo "1256"]
[BlackElo "1269"]
[Opening "Sicilian: Alapin's variation (2.c3)"]
[ECO "B22"]
[Time "06:00:06"]
[TimeControl "2700+45"]

1. e4 c5 2. c3 e6 3. d4 cxd4 4. cxd4 d5 5. e5 Nc6 6. Nf3 Nge7 7. Nbd2 Nf5 8. Nb3
Qb6 9. Bd3 Bd7 10. Bc2 Bb4+ 11. Bd2 Bxd2+ 12. Qxd2 Qb4 13. Qxb4 Nxb4 14. Bxf5
exf5 15. O-O O-O 16. Nc5 Bc6 17. a3 Na6 18. Nxa6 bxa6 19. Rac1 Bb5 20. Rfe1 Rac8
21. Rc5 Bc4 22. Rxc8 Rxc8 23. Rc1 Rb8 24. b4 Kf8 25. h4 h6 26. Kh2 a5 27. bxa5
Ke7 28. Nd2 Rc8 29. Kg3 f6 30. Re1 Ke6 31. exf6+ Kxf6 32. Nf3 Bb5 33. Re5 Bc6
34. h5 Re8 35. Rxe8 Bxe8 36. Kf4 Bxh5 37. g3 Bxf3 38. Kxf3 g5 39. a4 a6 40. Ke3
f4+ 41. gxf4 g4 42. Ke2 Kf5 43. Ke3 h5 44. Ke2 Kxf4 45. Kf1 Kf3 46. Kg1 h4 47.
Kf1 g3 48. fxg3 hxg3 49. Kg1 g2 50. Kh2 Kf2 51. Kh3 g1=R {White resigns} 0-1

[Event "Team 45 45 League T46"]
[Site "Internet Chess Club"]
[Date "2010.08.26"]
[Round "4"]
[White "lawth3"]
[Black "Traho"]
[Result "0-1"]
[WhiteElo "1082"]
[BlackElo "1214"]
[Opening "Bogo-Indian defense"]
[ECO "E11"]
[Time "19:00:26"]
[TimeControl "2700+45"]

1. d4 Nf6 2. c4 e6 3. Nf3 Bb4+ 4. Bd2 Bxd2+ 5. Qxd2 O-O 6. Nc3 d6 7. e3 c5 8.
Bd3 b6 9. O-O Bb7 10. Qe2 Re8 11. e4 e5 12. d5 Na6 13. a3 Nc7 14. Bc2 Bc8 15. h3
Bd7 16. Ba4 a6 17. Bxd7 Qxd7 18. Rfb1 b5 19. b4 cxb4 20. axb4 Rec8 21. Nd2 bxc4
22. Nxc4 Nb5 23. Rb3 Nd4 24. Qd1 Nxb3 25. Nb6 Qb7 26. Nxc8 Nxa1 27. Nxd6 Qxb4
28. Qxa1 Qxd6 29. Nb5 Qb8 30. Na3 Nxe4 31. Qe1 Nf6 32. Qe4 {White resigns} 0-1

[Event "Team 45 45 League T46"]
[Site "Internet Chess Club"]
[Date "2010.08.28"]
[Round "4"]
[White "BosqueVerde"]
[Black "Cicero"]
[Result "0-1"]
[WhiteElo "1116"]
[BlackElo "1297"]
[Opening "King's Indian defense, 3.Nc3"]
[ECO "E61"]
[Time "14:00:31"]
[TimeControl "2700+45"]

1. d4 Nf6 2. c4 g6 3. Nc3 Bg7 4. Qc2 d6 5. Bg5 O-O 6. Nf3 e5 7. dxe5 dxe5 8.
Nxe5 h6 9. Bh4 Qd4 10. Nf3 Qxc4 11. e3 Qc5 12. h3 Nc6 13. Bd3 Nb4 14. Qe2 Nxd3+
15. Qxd3 Bf5 16. Qe2 Rad8 17. O-O Bd3 18. Rac1 Bxe2 19. Nxe2 Qb5 20. Ned4 Qxb2
21. Rb1 Qxa2 22. Rxb7 Rb8 23. Rxc7 Rb2 24. Nc6 Ne4 25. Rxa7 Qc4 26. Rc7 Kh7 27.
Be7 Re8 28. Ba3 Ra2 29. Rc1 Qe2 30. Rxf7 Qxf2+ 31. Kh2 Qxg2# {White checkmated}
0-1

[Event "Team 45 45 League T46"]
[Site "Internet Chess Club"]
[Date "2010.08.30"]
[Round "4"]
[White "Graybeard"]
[Black "WannaB"]
[Result "1-0"]
[WhiteElo "1179"]
[BlackElo "1045"]
[Opening "Sicilian: closed"]
[ECO "B34"]
[Time "10:21:24"]
[TimeControl "2700+45"]

1. e4 c5 2. Nc3 g6 3. Nf3 Bg7 4. d4 cxd4 5. Nxd4 Nc6 6. Be3 a6 7. Nxc6 bxc6 8.
Bc4 e6 9. Bc5 d6 10. Bxd6 Qb6 11. Rb1 Qd8 12. O-O Ra7 13. Bc5 Rd7 14. Qf3 Nf6
15. Rbd1 Bb7 16. Rxd7 Qxd7 17. Rd1 Qc8 18. h3 a5 19. Bd4 O-O 20. Bxf6 Ba6 21. b3
Bxc4 22. Bxg7 Kxg7 23. bxc4 Qb7 24. Rb1 Qa7 25. Qe3 Qxe3 26. fxe3 h5 27. Rb6 Rc8
28. c5 Kf6 29. Kf2 e5 30. Ra6 Ke7 31. Rxa5 Rd8 32. Ra7+ Ke8 33. Ke2 Rb8 34. Na4
Rb1 35. Nc3 Rb2 36. Kd2 Rb8 37. Ke2 Rb2 38. Kd3 Rb8 39. Ra6 Rd8+ 40. Ke2 Rc8 41.
a4 Kd7 42. Ra7+ Ke6 43. a5 Rb8 44. Ra6 Kd7 45. Ra7+ Ke6 46. Ra6 Rc8 47. Nb5 Kd7
48. Nd6 Rf8 49. Ra7+ Ke6 50. Nxf7 Rxf7 51. Rxf7 Kxf7 52. a6 g5 53. a7 {Black
resigns} 1-0

[Event "Team 45 45 League T46"]
[Site "Internet Chess Club"]
[Date "2010.08.30"]
[Round "4"]
[White "LeanSixSigma"]
[Black "dabodhi"]
[Result "1/2-1/2"]
[WhiteElo "1524"]
[BlackElo "1199"]
[Opening "QGD: Tartakower (Makagonov-Bondarevsky) system"]
[ECO "D58"]
[Time "20:00:15"]
[TimeControl "2700+45"]

1. d4 Nf6 2. c4 d5 3. Nc3 e6 4. Bg5 Be7 5. Nf3 O-O 6. e3 h6 7. Bh4 b6 8. Ne5 Bb7
9. cxd5 Nxd5 10. Bxe7 Qxe7 11. Nxd5 Bxd5 12. a3 a6 13. Rc1 c5 14. Qg4 Nd7 15.
Nxd7 Qxd7 16. Be2 Rac8 17. O-O a5 18. e4 Bb3 19. d5 Qd6 20. Bc4 Bxc4 21. Rxc4
exd5 22. Rd1 Qe5 23. Rxd5 Qxb2 24. Qf3 Qa1+ 25. Rd1 Qe5 26. Qc3 Qg5 27. Rd5 Qe7
28. e5 Rfd8 29. Rxd8+ Rxd8 30. h3 Rd5 31. f4 Rd1+ 32. Kh2 Qh4 33. f5 Qf2 34. Qf3
Qg1+ 35. Kg3 Rf1 36. Qa8+ Kh7 37. Rf4 Rd1 38. Qe4 Re1 39. Qc2 Re3+ 40. Rf3 Rxe5
41. f6+ g6 42. h4 Rh5 43. Qa2 Qe1+ 44. Rf2 Qe5+ 45. Rf4 Qe3+ 46. Rf3 Qe5+ 47.
Rf4 Qe3+ 48. Rf3 Qe5+ 49. Rf4 Qe3+ 50. Rf3 Qe5+ 51. Rf4 Qe3+ 52. Rf3 Qe5+ 53.
Rf4 Qe3+ {Game drawn by repetition} 1/2-1/2

[Event "Team 45 45 League T46"]
[Site "Internet Chess Club"]
[Date "2010.08.27"]
[Round "4"]
[White "CoasterBrake"]
[Black "jjaillet2007"]
[Result "0-1"]
[WhiteElo "1216"]
[BlackElo "1271"]
[Opening "French: Marshall variation"]
[ECO "C10"]
[Time "09:04:03"]
[TimeControl "2700+45"]

1. e4 e6 2. d4 d5 3. Nc3 c5 4. Nf3 Nc6 5. Bb5 Qb6 6. exd5 exd5 7. Nxd5 Qd8 8.
Bxc6+ bxc6 9. Nc3 Bg4 10. d5 cxd5 11. Nxd5 Nf6 12. Nc3 Qxd1+ 13. Kxd1 Bxf3+ 14.
gxf3 g6 15. Ne4 Be7 16. Bg5 Nxe4 17. fxe4 Bxg5 18. Ke2 O-O 19. Rhg1 Bf4 20. h3
Rad8 21. Rg4 Be5 22. Rg5 Bxb2 23. Rb1 Bd4 24. Rd1 f6 25. Rg3 Rfe8 26. c3 Be5 27.
Rxd8 Rxd8 28. c4 Bxg3 {White resigns} 0-1

[Event "Team 45 45 League T46"]
[Site "Internet Chess Club"]
[Date "2010.08.28"]
[Round "4"]
[White "kabubi"]
[Black "Fogbound"]
[Result "0-1"]
[WhiteElo "1146"]
[BlackElo "1337"]
[Opening "Konstantinopolsky opening"]
[ECO "C44"]
[Time "15:00:28"]
[TimeControl "2700+45"]

1. e4 e5 2. Nf3 Nc6 3. g3 Nf6 4. d3 d6 5. Nbd2 Bg4 6. Bg2 Be7 7. O-O Qd7 8. c3
h6 9. Qe2 Bh3 10. Re1 Bxg2 11. Kxg2 Nd8 12. Nf1 Ne6 13. h3 Nh5 14. N1h2 O-O-O
15. Qc2 Bg5 16. Rd1 Rdf8 17. d4 Bxc1 18. Raxc1 Nef4+ 19. gxf4 Nxf4+ 20. Kg3
Qxh3# {White checkmated} 0-1

[Event "Team 45 45 League T46"]
[Site "Internet Chess Club"]
[Date "2010.08.28"]
[Round "4"]
[White "dornoch"]
[Black "anatolybcn"]
[Result "0-1"]
[WhiteElo "979"]
[BlackElo "1221"]
[Opening "Sicilian: Canal-Sokolsky attack, 3...Bd7"]
[ECO "B52"]
[Time "11:01:04"]
[TimeControl "2700+45"]

1. e4 c5 2. Nf3 d6 3. Bb5+ Bd7 4. Bxd7+ Nxd7 5. Nc3 e5 6. d3 Ngf6 7. Bg5 Be7 8.
O-O Nb6 9. Bxf6 Bxf6 10. Re1 O-O 11. b3 a6 12. Nd5 Nxd5 13. exd5 b5 14. Rb1 b4
15. Re4 Qd7 16. Ra1 Qb7 17. Qd2 Qxd5 18. c4 bxc3 19. Qxc3 Qc6 20. Nd2 a5 21. Qc4
d5 {White resigns} 0-1

[Event "Team 45 45 League T46"]
[Site "Internet Chess Club"]
[Date "2010.08.31"]
[Round "4"]
[White "RayF"]
[Black "Yedixon"]
[Result "1-0"]
[WhiteElo "1807"]
[BlackElo "1669"]
[Opening "QGD: Chigorin defense"]
[ECO "D07"]
[Time "09:07:51"]
[TimeControl "2700+45"]

1. d4 d5 2. c4 Nc6 3. Nc3 dxc4 4. d5 Ne5 5. Qd4 Ng6 6. e4 e6 7. Bxc4 Nf6 8. Nf3
Bb4 9. Bb5+ c6 10. Qxb4 cxb5 11. Nxb5 Ne7 12. Nd6+ Kf8 13. Ng5 Qc7 14. Ndxf7 Rg8
15. d6 {Black resigns} 1-0

[Event "Team 45 45 League T46"]
[Site "Internet Chess Club"]
[Date "2010.08.28"]
[Round "4"]
[White "xt"]
[Black "Tamarin"]
[Result "1-0"]
[WhiteElo "1665"]
[BlackElo "1793"]
[Opening "Giuoco Piano: close variation"]
[ECO "C53"]
[Time "22:07:08"]
[TimeControl "2700+45"]

1. e4 e5 2. Nf3 Nc6 3. Bc4 Bc5 4. c3 Qe7 5. O-O Nf6 6. d4 exd4 7. cxd4 Bb6 8. e5
Ng8 9. Re1 Nh6 10. Bxh6 gxh6 11. Qd2 Qb4 12. Qd3 Nxd4 13. Nbd2 Nxf3+ 14. Qxf3
Qe7 15. Ne4 Kf8 16. Qf4 Kg7 17. Nf6 d6 18. Nh5+ Kg8 19. Qxh6 Bxf2+ 20. Kh1
{Black resigns} 1-0

[Event "Team 45 45 League T46"]
[Site "Internet Chess Club"]
[Date "2010.08.30"]
[Round "4"]
[White "BraafPaard"]
[Black "mongmong"]
[Result "0-1"]
[WhiteElo "1555"]
[BlackElo "1474"]
[Opening "French: exchange variation"]
[ECO "C01"]
[Time "20:05:17"]
[TimeControl "2700+45"]

1. e4 e6 2. d4 d5 3. exd5 exd5 4. c4 Nf6 5. Nf3 c6 6. Be2 Be7 7. O-O O-O 8. h3
Bf5 9. Nc3 dxc4 10. Bxc4 Nd5 11. Qb3 Nb6 12. Be2 Be6 13. Qc2 N8d7 14. Bd3 h6 15.
Bf4 Nd5 16. Nxd5 Bxd5 17. Be4 Nb6 18. Rfe1 Bd6 19. Bxd6 Qxd6 20. Rad1 Rfe8 21.
b3 Bxe4 22. Rxe4 Rxe4 23. Qxe4 Nd5 24. Rc1 Qe7 25. Qxe7 Nxe7 26. b4 Rd8 27. g4
Nd5 28. a3 a6 29. Kh2 f6 30. Kg3 Re8 31. Rc2 Kf7 32. Ng1 Re1 33. Ne2 Ra1 34. Nf4
Rxa3+ 35. Kg2 Nxf4+ {White resigns} 0-1

[Event "Team 45 45 League T46"]
[Site "Internet Chess Club"]
[Date "2010.08.25"]
[Round "4"]
[White "CKNIGHT3"]
[Black "megarook"]
[Result "1-0"]
[WhiteElo "1540"]
[BlackElo "1466"]
[Opening "QGD: 4.Nf3"]
[ECO "D37"]
[Time "16:30:25"]
[TimeControl "2700+45"]

1. d4 d5 2. c4 e6 3. Nc3 Nf6 4. Nf3 Nbd7 5. e3 Be7 6. Bd3 O-O 7. Qc2 Re8 8. O-O
c5 9. cxd5 exd5 10. b3 b6 11. Ne5 Qc7 12. Nb5 Qb7 13. Ba3 a6 14. Nc3 cxd4 15.
Nxd7 Bxd7 16. Bxe7 Rxe7 17. exd4 Rae8 18. Rac1 Bg4 19. h3 Bh5 20. Qb1 Ne4 21.
Rfe1 Bg6 22. f3 Nxc3 23. Rxe7 Qxe7 24. Rxc3 Qe3+ 25. Kh2 Qxd4 26. Qc2 Qe5+ 27.
g3 Bxd3 28. Qxd3 Qe2+ 29. Qxe2 Rxe2+ 30. Kg1 f5 31. a4 Kf7 32. Kf1 Re7 33. Rc6
Re6 34. Rc3 Kf6 35. Kf2 g5 36. Rd3 Ke5 37. Re3+ Kd6 38. Rd3 Kc5 39. h4 f4 40.
hxg5 fxg3+ 41. Kxg3 d4 42. Kf4 Kd5 43. b4 Re5 44. b5 a5 45. Ra3 Re2 46. Kg3 Kc4
47. Kg4 d3 48. Ra1 d2 49. Rd1 Kc3 50. f4 Re1 51. Rxd2 Kxd2 52. f5 Re4+ 53. Kh5
Re5 54. Kg4 Ke3 55. f6 Ke4 56. Kh5 Kf4 57. Kh6 Rf5 58. g6 hxg6 59. Kxg6 Ke4 60.
f7 Rxf7 61. Kxf7 Kd4 62. Ke6 Kc4 63. Kd6 Kb4 64. Kc6 Kxa4 65. Kxb6 Kb4 66. Ka6
Kc5 67. b6 Kc6 68. b7 Kc7 69. Ka7 a4 70. b8=Q+ Kc6 71. Qb4 Kc7 72. Qxa4 Kc8 73.
Kb6 Kd8 74. Qa7 {Black resigns} 1-0

[Event "Team 45 45 League T46"]
[Site "Internet Chess Club"]
[Date "2010.08.29"]
[Round "4"]
[White "Signalman"]
[Black "Portola"]
[Result "0-1"]
[WhiteElo "1559"]
[BlackElo "1802"]
[Opening "Philidor: exchange variation"]
[ECO "C41"]
[Time "10:30:45"]
[TimeControl "2700+45"]

1. e4 e5 2. Nf3 d6 3. d4 exd4 4. Nxd4 Be7 5. Bc4 Nf6 6. Nc3 O-O 7. O-O Nc6 8.
Nxc6 bxc6 9. Re1 Rb8 10. b3 Be6 11. Bd3 Re8 12. h3 Qd7 13. Re3 Kh8 14. Bb2 Qd8
15. Ne2 Rg8 16. f4 d5 17. e5 Ne4 18. Kh1 Nf2+ 19. Kg1 Nxd1 20. Rxd1 Bc5 21. Bd4
Bxd4 22. Nxd4 Qh4 23. Nxc6 Rb6 24. f5 Rxc6 25. fxe6 fxe6 26. Rf1 Qd4 27. Rf3 Rb6
28. g3 Rbb8 29. Rf4 Qxe3+ {White resigns} 0-1

[Event "Team 45 45 League T46"]
[Site "Internet Chess Club"]
[Date "2010.08.28"]
[Round "4"]
[White "g8wrb"]
[Black "werty"]
[Result "1/2-1/2"]
[WhiteElo "1470"]
[BlackElo "1537"]
[Opening "French: Rubinstein variation"]
[ECO "C03"]
[Time "08:02:43"]
[TimeControl "2700+45"]

1. e4 e6 2. d4 d5 3. Nd2 dxe4 4. Nxe4 Nd7 5. Nf3 Ngf6 6. Nxf6+ Nxf6 7. Bd3 c5 8.
c3 cxd4 9. cxd4 Bb4+ 10. Bd2 Qa5 11. O-O Bxd2 12. Nxd2 O-O 13. Nf3 b6 14. Re1
Qb4 15. Qc2 h6 16. a3 Qd6 17. Rad1 Bb7 18. Re3 Ng4 19. Bh7+ Kh8 20. Rc3 Rac8 21.
Be4 Rxc3 22. bxc3 Bxe4 23. Qxe4 Nf6 24. Qe1 Qxa3 25. Ra1 Qe7 26. Ra6 Rb8 27. Qa1
Rb7 28. Ne5 Qc7 29. Qa3 Qe7 30. Qa4 Qe8 31. Qc6 Qxc6 {Game drawn by mutual
agreement} 1/2-1/2

[Event "Team 45 45 League T46"]
[Site "Internet Chess Club"]
[Date "2010.08.29"]
[Round "4"]
[White "rahulr"]
[Black "AtomicDog"]
[Result "1-0"]
[WhiteElo "1462"]
[BlackElo "1472"]
[Opening "Réti: King's Indian attack"]
[ECO "A05"]
[Time "12:00:25"]
[TimeControl "2700+45"]

1. Nf3 Nf6 2. g3 g6 3. Bg2 Bg7 4. O-O O-O 5. d3 Nc6 6. e4 d5 7. e5 Ng4 8. d4 Bf5
9. Nc3 Nb4 10. Nh4 Bxc2 11. Qxg4 c6 12. a3 Nd3 13. Qe2 Nxc1 14. Qxc2 Bh6 15.
Raxc1 Bxc1 16. Qxc1 e6 17. Qh6 g5 18. Nf3 g4 19. Ng5 {Black resigns} 1-0

[Event "Team 45 45 League T46"]
[Site "Internet Chess Club"]
[Date "2010.08.29"]
[Round "4"]
[White "MateIn42"]
[Black "supraholic"]
[Result "0-1"]
[WhiteElo "1431"]
[BlackElo "1305"]
[Opening "Sicilian: closed"]
[ECO "B24"]
[Time "23:00:38"]
[TimeControl "2700+45"]

1. e4 c5 2. Nc3 Nc6 3. g3 b6 4. Bg2 Bb7 5. d3 e6 6. Be3 Nf6 7. h3 Ne7 8. Qd2 d5
9. exd5 Nexd5 10. Bg5 g6 11. Ne4 Rb8 12. c4 Nxe4 13. Bxe4 Nf6 14. Qf4 Bg7 15.
O-O-O O-O 16. Ne2 Qe7 17. Nc3 e5 18. Qf3 h6 19. Bxb7 hxg5 20. Be4 Bh6 21. g4 Nh5
22. Nd5 Qe6 23. Qe2 Nf4 24. Nxf4 gxf4 25. Qf3 b5 26. b3 b4 27. Rhe1 a5 28. Bd5
Qa6 29. Rxe5 Bg7 30. Re2 a4 31. Rdd2 axb3 32. Kd1 Bc3 33. Rb2 Bxb2 34. Rxb2 Qxa2
35. Rxa2 bxa2 {White resigns} 0-1

[Event "Team 45 45 League T46"]
[Site "Internet Chess Club"]
[Date "2010.08.29"]
[Round "4"]
[White "dpmdpm"]
[Black "The-Capitalist"]
[Result "0-1"]
[WhiteElo "1434"]
[BlackElo "1429"]
[Opening "Caro-Kann: exchange, Rubinstein variation"]
[ECO "B13"]
[Time "14:00:36"]
[TimeControl "2700+45"]

1. e4 c6 2. d4 d5 3. exd5 cxd5 4. Bd3 Nc6 5. c3 Nf6 6. Bf4 Bg4 7. Qb3 Na5 8.
Qa4+ Bd7 9. Qc2 Qb6 10. Nd2 Bb5 11. Bxb5+ Qxb5 12. Nb3 Nxb3 13. axb3 e6 14. Ne2
Be7 15. O-O O-O 16. Rfe1 Qc6 17. Kh1 Rfc8 18. Ng1 Nh5 19. Be3 Qc7 20. Nf3 Bd6
21. Rac1 b5 22. g3 Nf6 23. Nd2 a5 24. c4 bxc4 25. bxc4 dxc4 26. Qxc4 Qb7+ {White
resigns} 0-1

[Event "Team 45 45 League T46"]
[Site "Internet Chess Club"]
[Date "2010.08.27"]
[Round "4"]
[White "bowwrestler"]
[Black "PsyMar"]
[Result "0-1"]
[WhiteElo "1138"]
[BlackElo "1200"]
[Opening "Scotch gambit: Dubois-Réti defense"]
[ECO "C55"]
[Time "10:00:23"]
[TimeControl "2700+45"]

1. e4 e5 2. Nf3 Nc6 3. d4 exd4 4. Bc4 Nf6 5. e5 d5 6. Bb5 Nd7 7. Bxc6 bxc6 8.
Qxd4 Bc5 9. Qd3 O-O 10. Nc3 Re8 11. O-O Nxe5 12. Qd1 Nxf3+ 13. Qxf3 Ba6 14. Rd1
Qe7 15. Qg3 Qe1+ 16. Rxe1 Rxe1# {White checkmated} 0-1

[Event "Team 45 45 League T46"]
[Site "Internet Chess Club"]
[Date "2010.08.26"]
[Round "4"]
[White "NewfieKnight"]
[Black "KidRattler"]
[Result "1/2-1/2"]
[WhiteElo "1040"]
[BlackElo "1092"]
[Opening "QGD Slav defense"]
[ECO "D10"]
[Time "13:57:54"]
[TimeControl "2700+45"]

1. d4 d5 2. c4 c6 3. Nc3 Nf6 4. Bg5 Qb6 5. b3 e6 6. a3 Qa5 7. Qc2 Ne4 8. b4 Qc7
9. Bf4 Qxf4 10. e3 Qxf2+ 11. Qxf2 Nxf2 12. Kxf2 dxc4 13. Bxc4 Be7 14. Nf3 O-O
15. Rhe1 Nd7 16. e4 Nf6 17. d5 Nxd5 18. exd5 cxd5 19. Bxd5 exd5 20. Rxe7 Be6 21.
Nb5 Rfe8 22. Rxe8+ Rxe8 23. Nc7 Re7 24. Nxe6 Rxe6 25. Nd4 Rf6+ 26. Kg1 g6 27.
Rc1 Ra6 28. Ra1 Rb6 29. b5 a6 30. bxa6 Rxa6 31. Nb5 Rb6 32. Nc7 Rd6 33. Kf2 Kf8
34. Ke3 Ke7 35. Kd4 Kd7 36. Nxd5 Rc6 37. Ke5 Rc2 38. Nf6+ Ke7 39. Nxh7 Rxg2 40.
h4 Rh2 41. Rb1 Kd7 42. Rxb7+ Kc6 43. Rxf7 Rxh4 44. Ng5 Ra4 45. Rf3 Rg4 46. Kf6
Kb5 47. Kxg6 Ka4 48. Kh5 Rd4 49. Ne6 Rd5+ 50. Kg6 Rb5 51. Rf4+ Kxa3 52. Nd4 Rb6+
53. Kf5 Rb8 54. Ke4 Re8+ 55. Kd3 Rb8 56. Nc2+ Kb2 57. Rf2 Rb3+ 58. Kd2 Rc3 59.
Ne3 Rc5 60. Kd3+ Kb3 61. Kd4 Rc8 62. Kd3 Rd8+ 63. Ke2 Ra8 64. Kf3 Rf8+ 65. Ke2
Rxf2+ 66. Kxf2 {Game drawn because neither player has mating material} 1/2-1/2